 Dungeon Crawl Stone Soup version 0.30-a0-4-ga7cffc901d (webtiles) character file.

Game seed: 1834207938900019593

25 Sabo the Digger (level 3, 19/19 HPs)
             Began as a Gargoyle Earth Elementalist on Aug 21, 2022.
             Was a Plaything of Xom.
             Got out of the dungeon alive.
             The game lasted 00:06:22 (1281 turns).

Sabo the Digger (Gargoyle Earth Elementalist)       Turns: 1281, Time: 00:06:22

Health: 19/19      AC:  5    Str: 11    XL:     3   Next: 6%
Magic:  7/7        EV: 12    Int: 17    God:    Xom [..*...]
Gold:   48         SH:  0    Dex: 10    Spells: 6/7 levels left

rFire   . . .      SeeInvis .    f - +0 flail
rCold   + . .      Faith    .    (no shield)
rNeg    + . .      Spirit   .    a - +0 robe
rPois   ∞          Reflect  .    (no helmet)
rElec   +          Harm     .    (no cloak)
rCorr   .          Rampage  .    (no gloves)
Will    .....                    (no boots)
Stlth   ++........               (no amulet)
HPRegen 0.06/turn                c - ring of protection from cold
MPRegen 0.10/turn                (no ring)

@: no status effects
A: sickness immunity, AC +3, negative energy resistance 1, electricity
resistance, torment resistance 1, petrification resistance
a: Renounce Religion


You escaped.
You worshipped Xom.
You were a toy of Xom.
You visited 1 branch of the dungeon, and saw 1 of its levels.

You collected 48 gold pieces.

Inventory:

Hand Weapons
 f - a +0 flail (weapon)
Armour
 a - a +0 robe (worn)
Jewellery
 c - a ring of protection from cold (left hand)
Scrolls
 d - a scroll of vulnerability {unknown}
 h - a scroll of enchant weapon {unknown}
 i - a scroll of blinking {unknown}
Potions
 b - a potion of magic
 e - a potion of curing {unknown}
 g - a potion of heal wounds {unknown}
 j - a potion of might {unknown}


   Skills:
 + Level 0.2 Maces & Flails
 + Level 1.6 Dodging
 + Level 2.2 Stealth
 + Level 2.7 Spellcasting
 + Level 0.7 Transmutations
 + Level 4.2 Earth Magic


You had 6 spell levels left.
You knew the following spells:

 Your Spells              Type           Power      Damage    Failure   Level
a - Sandblast             Erth           32%        2d9       3%          1

Your spell library contained the following spells:

 Spells                   Type           Power      Damage    Failure   Level
 Passwall                 Tmut/Erth      8%         N/A       10%         2
 Necrotise                Necr           8%         1d4       19%         1
 Stone Arrow              Conj/Erth      18%        3d8       22%         3
 Call Canine Familiar     Summ           2%         N/A       47%         3
 Portal Projectile        Hex/Tloc       4%         N/A       47%         3
 Vampiric Draining        Necr           2%         2d6       47%         3
 Petrify                  Tmut/Erth      10%        N/A       54%         4
 Leda's Liquefaction      Hex/Erth       4%         N/A       58%         4
 Agony                    Necr           2%         N/A       99%         5


Dungeon Overview and Level Annotations

Branches:
Dungeon (1/15)

Altars:
Xom


Innate Abilities, Weirdness & Mutations

You are immune to sickness and miasma.
Your stone body is resilient. (AC +3)
You are immune to poison.
You resist negative energy. (rN+)
You are resistant to electric shocks. (rElec)
You are resistant to unholy torment.
You are immune to petrification.


Message History

You feel clever. x2
Found a scroll labelled XAXZUE LIJOQ.
You see here a +0 dagger.
i - a scroll labelled XAXZUE LIJOQ You open the door.
There is an open door here.
Found a fizzy emerald potion.
j - a fizzy emerald potion
Found a book of the Hunter.
You pick up a book of the Hunter and begin reading...
You add the spells Call Canine Familiar, Portal Projectile and Leda's Liquefaction to your library.
Found a mace.
You see here a +0 mace.
Found a faded altar of an unknown god.
There is a faded altar of an unknown god here.
You cannot tell which god this altar belongs to.
Convert to them anyway?
Xom accepts your prayer! Xom welcomes you!
Xom is extremely interested.
A goblin comes into view. It is wielding a +0 dagger.
The goblin shouts!
You closely miss the goblin. The goblin completely misses you.
You sock the goblin!
You kill the goblin!
Things that are here:
a +0 dagger; a goblin corpse
Things that are here:
a +0 dagger; a goblin corpse You open the door.
There is an open door here.
You see here a +0 dagger.
There is an open door here.
There is an open door here.
Why would you want to do that?
You enter the shallow water.
Moving in this stuff is going to be slow.
There is a staircase leading out of the dungeon here.
You can't go down here!
Are you sure you want to leave the Dungeon?
This will make you lose the game!
You have escaped!

.....####.....########....####...
....## ##....### #.#.## ##..
...## #.......# #.#.## ##. .)##
#.......## #.###.# ## +##
#........##.# #.# # .#
###...##.### ## ♣ .# #.####'####
## ♣ .## ###≈≈~≈~≈≈# .. ♣♣ ..##
#~#~@~#≈# .### ♣♣. ...# #~###~#~#
..... ♣.. ..###### ##~~~~~~###..#
♣8. ........ #~#######....# ♣_.
.# ##~~~#..'.# ♣8. .# #~##~##.###
♣.. .# #.##....# ♣.. .# #'#######
♣♣. .# #.# ♣♣


There were no monsters in sight!

Vanquished Creatures
  A gnoll (D:1)
  2 ball pythons (D:1)
  2 endoplasms (D:1)
  A giant cockroach (D:1)
  3 goblins (D:1)
  2 kobolds (D:1)
  A quokka (D:1)
  2 rats (D:1)
14 creatures vanquished.

Notes
Turn   | Place    | Note
-------+----------+-------------------------------------------
     0 | D:1      | Sabo the Gargoyle Earth Elementalist began the quest for
                  | the Orb.
     0 | D:1      | Reached XP level 1. HP: 10/10 MP: 3/3
   271 | D:1      | Reached skill level 4 in Earth Magic
   408 | D:1      | Reached XP level 2. HP: 10/15 MP: 1/5
  1046 | D:1      | Reached XP level 3. HP: 19/19 MP: 7/7
  1188 | D:1      | Found a faded altar of an unknown god.
  1218 | D:1      | Prayed at the altar of an unknown god.
  1218 | D:1      | Became a worshipper of Xom of Chaos
  1281 | D:$      | Got out of the dungeon alive.

Illustrated notes

Levels and vault maps discovered:
D:1:      ncdulo_wetmaze, layout_loops_corners,
          shapermc_ecumenical_altar_totnotflames, nicolae_grassy_gnolls

Skill      XL: |  1 |
---------------+----+-----
Earth Magic    | 4 |  4.2
Maces & Flails | |  0.2
Dodging        | |  1.6
Stealth        | |  2.2
Spellcasting   | |  2.7
Transmutations | |  0.7

Action                   || total
-------------------------++-------
Melee: Whip              ||     5
       Flail             ||     6
 Cast: Sandblast         ||    14
Armor: Robe              ||     4
Dodge: Dodged            ||    10

Table legend: (Time is in decaauts)
 A = Elapsed time spent in this place.
 B = Non-inter-level travel time spent in this place.
 C = Inter-level travel time spent in this place.
 D = Time resting spent in this place.
 E = Time spent auto-exploring this place.
 F = Levels seen in this place.
 G = Mean time per level.
                   A        B        C        D        E       F      G
               +--------+--------+--------+--------+--------+-----+--------+
         Total |   1311 |   1311 |      0 |    537 |      0 |   1 | 1311.0 |
       Dungeon |   1311 |   1311 |      0 |    537 |      0 |   1 | 1311.0 |
               +--------+--------+--------+--------+--------+-----+--------+

Top non-repeatable levels by time:
     D:1: 1311 daAuts
